 Dungeon Crawl Stone Soup version 0.30-a0-737-gf23d94013f (webtiles) character file.

Game seed: 7543031921452887539

6559 Legacy the Fighter (level 10, -2/104 HPs)
             Began as a Minotaur Berserker on Feb 2, 2023.
             Was a High Priest of Trog.
             Slain by a wyvern simulacrum (7 damage)
             ... on level 8 of the Dungeon.
             The game lasted 00:24:46 (9862 turns).

Legacy the Fighter (Minotaur Berserker)             Turns: 9862, Time: 00:24:46

Health: -2/104     AC: 14    Str: 26    XL:     10   Next: 70%
Magic:  9/9        EV:  9    Int:  4    God:    Trog [*****.]
Gold:   295        SH:  6    Dex: 10    Spells: 9/9 levels left

rFire   . . .      SeeInvis .    E - +0 war axe
rCold   . . .      Faith    .    w - +0 kite shield
rNeg    . . .      Spirit   .    q - +1 chain mail
rPois   .          Reflect  .    (helmet restricted)
rElec   .          Harm     .    t - +0 cloak
rCorr   .          Rampage  .    (no gloves)
Will    +....                    (no boots) Stlth
                                 (no amulet)
HPRegen 0.37/turn                e - ring of willpower
MPRegen 0.11/turn                (no ring)

@: no status effects
A: horns 2, retaliatory headbutt
a: Renounce Religion, Berserk, Trog's Hand, Brothers in Arms


You were on level 8 of the Dungeon.
You worshipped Trog.
Trog was extremely pleased with you.
You visited 1 branch of the dungeon, and saw 8 of its levels.
You also visited: Sewer.

You collected 295 gold pieces.

Inventory:

Hand Weapons
 s - a +5 quarterstaff of protection
 y - a +6 trident of freezing
 E - a +0 war axe (weapon)
Armour
 o - a +2 animal skin
 q - a +1 chain mail (worn)
 t - a +0 cloak (worn)
 w - a +0 kite shield (worn)
Jewellery
 e - a ring of willpower (left hand)
Wands
 r - a wand of iceblast (11)
 x - a wand of acid (11)
Scrolls
 a - a scroll of identify
 b - 3 scrolls of fog
 d - a scroll of blinking
 h - a scroll of enchant armour
 i - a scroll of poison
 l - 2 scrolls of teleportation
 m - a scroll of brand weapon
 v - a scroll of enchant weapon
 B - a scroll of acquirement
 D - a scroll of vulnerability
 F - a scroll of magic mapping
Potions
 c - a potion of invisibility {unknown}
 f - 4 potions of brilliance {unknown}
 g - 2 potions of heal wounds {unknown}
 j - 3 potions of attraction {unknown}
 k - 2 potions of curing
 n - 2 potions of mutation {unknown}
 p - 3 potions of ambrosia {unknown}
 u - a potion of might {unknown}
 z - a potion of flight {unknown}
 A - a potion of haste
 C - 2 potions of degeneration {unknown}


   Skills:
 + Level 14.3 Fighting
 - Level 3.6 Axes
 + Level 10.9 Armour
 * Level 7.6 Dodging
 + Level 1.8 Stealth


You had 9 spell levels left.
You didn't know any spells.
Your spell library was empty.

Dungeon Overview and Level Annotations

Branches:
Dungeon (8/15)             Temple (0/1) D:7           Sewer (visited)
   Lair: D:8-11

Altars:
Cheibriados
Kikubaaqudgha
Nemelex Xobeh
Sif Muna
Xom

Shops:
D:3 :


Innate Abilities, Weirdness & Mutations

You have a pair of horns on your head.
You reflexively headbutt those who attack you in melee.


Message History

You hit the warg but do no damage.
The warg is lightly wounded.
The warg bites you but does no damage.
You slice the warg!!
The warg is severely wounded.
The warg bites you! The warg barely misses you.
The warg bites you but does no damage.
You hit the warg but do no damage.
The warg is severely wounded.
The warg bites you. The warg barely misses you. You furiously retaliate!
You headbutt the warg, but do no damage.
You slash the warg!
The warg is almost dead.
The warg bites you. The warg bites you!
You closely miss the warg. You headbutt the warg.
You kill the warg!
Trog accepts your kill.
Your life force feels restored.
You see here a warg corpse.
You start resting.
A wyvern simulacrum comes into view.
The wyvern simulacrum moves out of view.
You start resting.
A wyvern simulacrum is nearby!
The wyvern simulacrum bites you! The wyvern simulacrum freezes you.
The wyvern simulacrum bites you. The wyvern simulacrum freezes you!
* * * LOW HITPOINT WARNING * * *
You hit the wyvern simulacrum. You headbutt the wyvern simulacrum.
The wyvern simulacrum is severely damaged.
You block the wyvern simulacrum's attack.
The wyvern simulacrum bites you.
* * * LOW HITPOINT WARNING * * *
The wyvern simulacrum freezes you!
* * * LOW HITPOINT WARNING * * *
You barely miss the wyvern simulacrum.
The wyvern simulacrum is severely damaged.
The wyvern simulacrum bites you!
* * * LOW HITPOINT WARNING * * *
The wyvern simulacrum freezes you!
You die...

...
####......#
#......8..# .
##......##
P..####......#
.......†.....#
.............#
...#####.....#
.. ##Z....#
#.@...##
#####..8..#
#........##
#.#......#
.......#...#
..#.####.#.#
.... ..... .##
.###.# .# .#


You could see a wyvern simulacrum.

Vanquished Creatures
  An ugly thing (D:6)
  The ghost of sjgraves the Sneak, a novice DsBr (D:4)
  Grinder (D:6)
  Prince Ribbit (D:5)
  5 slime creatures (D:8)
  Sigmund (D:2)
  2 steam dragons
  A warg (D:8)
  A water moccasin (D:7)
  6 ice beasts
  2 orc warriors
  2 black bears (D:6)
  3 ogres
  A centaur (D:6)
  A wolf (D:8)
  3 phantoms
  3 kobold brigands
  2 necrophages
  4 bullfrogs
  3 scorpions
  A gnoll sergeant (D:8)
  4 wights (D:6)
  5 killer bees (D:8)
  A jelly (D:6)
  Crazy Yiuf (D:3)
  3 hounds
  7 orc priests
  Jessica (D:2)
  Natasha (thrice) (D:2)
  3 iguanas
  5 orc wizards
  Robin (D:2)
  8 gnolls
  11 adders
  6 river rats (Sewer)
  4 shadow imps
  3 white imps
  A howler monkey simulacrum (D:8)
  2 ufetubi
  A worm (D:4)
  3 dart slugs
  19 orcs
  21 ball pythons
  7 endoplasms
  4 giant cockroaches
  18 goblins
  12 hobgoblins
  3 jackals (D:1)
  13 kobolds
  5 quokkas
  7 bats
  2 frilled lizards
  26 rats
255 creatures vanquished.

Vanquished Creatures (others)
  An orc wizard (D:5)
  A fungus (D:3)
  6 plants
8 creatures vanquished.

Grand Total: 263 creatures vanquished

Notes
Turn   | Place    | Note
-------+----------+-------------------------------------------
     0 | D:1      | Legacy the Minotaur Berserker began the quest for the Orb.
     0 | D:1      | Reached XP level 1. HP: 19/19 MP: 0/0
   180 | D:1      | Reached skill level 4 in Fighting
   412 | D:1      | Reached XP level 2. HP: 23/28 MP: 1/1
  1460 | D:2      | Noticed Jessica
  1461 | D:2      | Noticed Sigmund
  1468 | D:2      | Reached skill level 5 in Fighting
  1474 | D:2      | Killed Sigmund
  1474 | D:2      | Killed Jessica
  1475 | D:2      | Reached skill level 7 in Fighting
  1475 | D:2      | Reached XP level 3. HP: 10/39 MP: 2/2
  1475 | D:2      | Reached XP level 4. HP: 12/47 MP: 3/3
  1475 | D:2      | Reached XP level 5. HP: 14/52 MP: 4/4
  1860 | D:2      | Noticed Natasha
  1867 | D:2      | Killed Natasha
  1901 | D:2      | Noticed Natasha
  1906 | D:2      | Killed Natasha
  1907 | D:2      | Reached skill level 8 in Fighting
  2073 | D:2      | Noticed Robin
  2075 | D:2      | Reached ** piety under Trog
  2080 | D:2      | Reached XP level 6. HP: 36/61 MP: 5/5
  2083 | D:2      | Killed Robin
  2285 | D:2      | Noticed Natasha
  2298 | D:2      | Killed Natasha
  2981 | D:3      | Found Rinwal's Book Boutique.
  3172 | D:3      | Found a faded altar of an unknown god.
  3393 | D:3      | Found a runed translucent door.
  3394 | D:3      | Noticed Crazy Yiuf
  3400 | D:3      | Killed Crazy Yiuf
  3615 | D:4      | Reached skill level 9 in Fighting
  3713 | D:4      | Found a shimmering blue altar of Sif Muna.
  3813 | D:4      | Reached XP level 7. HP: 70/71 MP: 6/6
  3905 | D:4      | Reached skill level 10 in Fighting
  4108 | D:4      | Found a runed translucent door.
  4109 | D:4      | Noticed sjgraves's ghost (novice DsBr)
  4129 | D:4      | Killed sjgraves's ghost
  4130 | D:4      | Reached skill level 11 in Fighting
  4197 | D:5      | Entered Level 5 of the Dungeon
  4376 | D:5      | Noticed Prince Ribbit
  4398 | D:5      | Killed Prince Ribbit
  4399 | D:5      | Reached XP level 8. HP: 72/82 MP: 7/7
  4719 | D:5      | Reached skill level 12 in Fighting
  4986 | D:5      | Reached *** piety under Trog
  5059 | D:5      | Reached skill level 1 in Stealth
  5396 | D:6      | Found a shimmering altar of Xom.
  5585 | D:6      | Found a glowing drain.
  5589 | Sewer    | Entered a sewer
  5609 | Sewer    | Reached skill level 5 in Armour
  5758 | Sewer    | Reached **** piety under Trog
  5989 | Sewer    | Reached XP level 9. HP: 52/92 MP: 8/8
  6329 | D:6      | Reached skill level 5 in Dodging
  6800 | D:6      | Reached skill level 13 in Fighting
  7061 | D:6      | Noticed a red ugly thing
  7069 | D:6      | Killed a red ugly thing
  7403 | D:6      | Identified a scroll of acquirement
  7755 | D:6      | Noticed Grinder
  7759 | D:6      | Paralysed by Grinder for 5 turns
  7767 | D:6      | HP: 3/93 [ogre/+0 giant club (5)]
  7777 | D:6      | Killed Grinder
  8361 | D:7      | Reached XP level 10. HP: 101/101 MP: 9/9
  8362 | D:7      | Reached ***** piety under Trog
  8904 | D:7      | Found a staircase to the Ecumenical Temple.
  8982 | D:7      | Found a sparkling altar of Nemelex Xobeh.
  8982 | D:7      | Found an ancient bone altar of Kikubaaqudgha.
  9115 | D:8      | Found a snail-covered altar of Cheibriados.
  9529 | D:8      | Reached skill level 10 in Armour
  9531 | D:8      | Reached skill level 14 in Fighting
  9862 | D:8      | HP: 5/104 [wyvern simulacrum (10)]
  9862 | D:8      | Slain by a wyvern simulacrum

Illustrated notes

Levels and vault maps discovered:
D:1:      minmay_arrival_widening_spiral_wide, layout_basic,
          serial_co_window_serial, co_window_paths_b, co_window_paths_b,
          co_window_corner_a, co_window_corner_a, co_window_corner_a,
          co_window_broadway_c, co_window_broadway_a, co_window_broadway_a,
          co_window_corner_cb, co_window_corner_cb, co_window_broadway_c,
          co_window_sun, glass_columns_a, glass_columns_c, glass_columns_b,
          glass_columns_a
D:2:      layout_loops_ring, uniq_natasha, uniq_jessica, uniq_robin,
          uniq_sigmund
D:3:      layout_rooms, serial_shops, nicolae_shop_crystal,
          shapermc_ecumenical_altar_petra, minmay_misc_feat_hallway,
          grunt_ministairs_6, uniq_crazy_yiuf_cottage
D:4:      layout_cave_pools, lemuel_blue_sif_altar, gammafunk_ghost_grave,
          serial_bayou, serial_bayou_pond_e, serial_bayou_shore_b,
          serial_bayou_crossing, serial_bayou_pond_a, st_stairs_2
D:5:      layout_basic, uniq_prince_ribbit1
D:6:      layout_loops_corners, xom_teletrap_fun, gup_sewer_entry_spiral,
          uniq_grinder
D:7:      layout_loops_ring, minitemple, minmay_temple_entry_proselytizer
D:8:      layout_loops_ring, cheibriados_altar_1, erik_lair_orcish_takeover,
          serial_ice, serial_ice_a, serial_ice_o, serial_ice_b, serial_ice_c,
          chequers_serial_rivers_micro_a, uniq_grum

Skill      XL: |  1  2  3  4  5  6  7  8  9 10 |
---------------+-------------------------------+-----
Fighting       | 4 7 8 9 11 12 13 14 | 14.3
Armour         | 3 5 8 10 | 10.9
Dodging        | 3 4 6 7 |  7.6
Stealth        | 1 |  1.8
Axes           | |  3.6

Action                     |  1- 3 |  4- 6 |  7- 9 | 10-12 || total
---------------------------+-------+-------+-------+-------++-------
  Melee: Hand axe          |    32 |    82 |       |       ||   114
         Headbutt          |     4 |    19 |    37 |    21 ||    81
         Quarterstaff      |       |    24 |   242 |    57 ||   323
         War axe           |       |       |       |    39 ||    39
         Trident           |       |       |       |    13 ||    13
 Invoke: Berserk           |     1 |     3 |     3 |     2 ||     9
    Use: Scroll            |       |       |    11 |     1 ||    12
   Stab: Sleeping          |       |     1 |       |       ||     1
 Armour: Animal skin       |     4 |    24 |       |       ||    28
         Chain mail        |       |    21 |   326 |    87 ||   434
  Dodge: Dodged            |    33 |    88 |   256 |    80 ||   457
  Block: Kite shield       |       |       |       |    18 ||    18

Table legend: (Time is in decaauts)
 A = Elapsed time spent in this place.
 B = Non-inter-level travel time spent in this place.
 C = Inter-level travel time spent in this place.
 D = Time resting spent in this place.
 E = Time spent auto-exploring this place.
 F = Levels seen in this place.
 G = Mean time per level.
                   A        B        C        D        E       F      G
               +--------+--------+--------+--------+--------+-----+--------+
         Total |  10157 |   9035 |   1122 |   3057 |      0 |   9 | 1128.6 |
       Dungeon |   9525 |   8403 |   1122 |   2789 |      0 |   8 | 1190.6 |
         Sewer |    631 |    631 |      0 |    268 |      0 |   1 |  631.0 |
               +--------+--------+--------+--------+--------+-----+--------+

Top non-repeatable levels by time:
     D:6: 2520 daAuts
     D:1: 1438 daAuts
     D:2: 1255 daAuts
     D:5: 1067 daAuts
     D:3: 963 daAuts
     D:7: 953 daAuts
     D:8: 708 daAuts
   Sewer: 631 daAuts
     D:4: 618 daAuts
